Map: Lightshade LE

Players

JonSnow - Winner!

  • Race: Zerg Zerg
  • League: Master

Namshar

  • Race: Zerg Zerg
  • League: Master

Event: DreamHack SC2 Masters 2021 Summer

VOD

Have the link to the VOD?

Description

Time

  • Played on: May 25, 2021, 5:15 p.m.
  • Length: 5:40

All games in this series

Show
View Real Time Build Order
Export as new Build Order

JonSnow Zerg - Winner!

Build Orders: 1 Base Baneling Bust, Pool Only, Zergling Baneling 

Get SALT Encoding   

  12  0:11  Extractor  
  11  0:19  Spawning Pool  
  10  0:25  Drone  
  11  0:30  Drone  
  12  0:35  Drone  
  13  0:49  Overlord  
  13  1:06  Zergling x2  
  13  1:08  Zergling x4  
  16  1:13  Metabolic Boost  
  16  1:19  Zergling x2  
  17  1:29  Zergling x2  
  18  1:36  Baneling Nest  
  17  1:40  Zergling x2  
  18  1:52  Zergling x2  
  19  2:00  Queen  
  21  2:09  Zergling x2  
  22  2:19  Baneling  
  22  2:21  Zergling x2  
  21  2:43  Zergling x2  
  21  2:46  Zergling x2  
  21  2:47  Zergling x2  
  20  2:58  Baneling  
  20  3:01  Baneling  
  20  3:04  Zergling x2  
  21  3:11  Zergling x2  
  21  3:20  Zergling x2  
  21  3:26  Overlord  
  21  3:30  Baneling  
  21  3:31  Baneling x3  
  21  3:47  Zergling x6  
  22  3:57  Zergling x6  
  25  4:04  Baneling  
  24  4:10  Zergling x2  
  25  4:23  Zergling x2  
  26  4:28  Zergling x2  
  26  4:31  Zergling x6  
  28  4:32  Baneling x5  
  28  4:42  Baneling  
  28  4:43  Zergling x2  
  29  4:57  Zergling x2  
  29  5:01  Zergling x2  
  29  5:05  Baneling  
  28  5:08  Zergling x2  
  28  5:12  Baneling  
Show
View Real Time Build Order
Export as new Build Order

Namshar Zerg 

Build Orders: Hatch First 

Get SALT Encoding   

  12  0:00  Drone  
  13  0:11  Overlord  
  13  0:16  Drone  
  14  0:30  Drone x2  
  16  0:46  Hatchery  
  15  0:50  Drone  
  15  0:53  Drone  
  15  0:57  Drone  
  18  1:07  Extractor  
  17  1:12  Spawning Pool  
  17  1:15  Drone  
  18  1:18  Drone  
  18  1:28  Drone  
  19  1:59  Queen x2  
  19  2:00  Zergling x8  
  27  2:14  Spine Crawler  
  26  2:22  Metabolic Boost  
  24  2:28  Zergling x2  
  23  2:35  Zergling x2  
  20  2:45  Zergling x4  
  18  2:56  Zergling x2  
  17  3:05  Zergling x2  
  17  3:06  Zergling x2  
  19  3:14  Zergling x2  
  19  3:16  Zergling x2  
  17  3:22  Zergling x2  
  18  3:31  Zergling x4  
  16  3:55  Zergling x2  
  16  3:56  Zergling x8  
  21  4:04  Zergling x2  
  21  4:11  Zergling x4  
  21  4:30  Zergling x6  
  20  4:36  Queen  
  22  4:47  Zergling x4  
  22  5:01  Queen  
Tags
 
Add a new tag
Caveats
  • Supply blocks, unpowered buildings, or Contaminate may cause inaccurate times.
  • Supply counts are checked every 10 seconds.